 Dungeon Crawl Stone Soup version 0.31-a0-1202-ga8fea8b373 (webtiles) character file.

Game seed: 10911583724342479336

26112 Inarius the Fighter (level 12, -1/100 HPs)
             Began as a Mummy Fighter on Dec 12, 2023.
             Was a High Priest of Makhleb.
             Slain by a hell rat (13 damage)
             ... on level 2 of the Lair of Beasts.
             The game lasted 00:25:31 (15189 turns).

Inarius the Fighter (Mummy Fighter)                Turns: 15189, Time: 00:25:32

Health: -1/100     AC: 12    Str: 27    XL:     12   Next: 95%
Magic:  17/17      EV: 15    Int:  7    God:    Makhleb [*****.]
Gold:   676        SH:  5    Dex: 11    Spells: 11/11 levels left

rFire   . . .        G - +5 morningstar of Doekh {vamp, Str+2}
rCold   + . .        c - +0 buckler
rNeg    + + +        p - +3 leather armour of Tiguurch {rF+}
rPois   ∞            w - +0 hat {Will+}
rElec   .            y - +2 cloak
rCorr   .            j - +0 pair of gloves
SInv    +            i - +0 pair of boots
Will    ++...        (no amulet)
Stlth   +            B - +5 ring of evasion
HPRegen 0.36/turn    A - ring of see invisible
MPRegen 0.15/turn

%: faith
@: studying Long Blades
A: cold resistance 1, negative energy resistance 3, torment resistance 2, heat
vulnerability 1, in touch with death 1, no potions, faith
a: Renounce Religion, Minor Destruction, Lesser Servant of Makhleb, Major
Destruction, Greater Servant of Makhleb


You were on level 2 of the Lair of Beasts.
You worshipped Makhleb.
Makhleb was extremely pleased with you.
You visited 3 branches of the dungeon, and saw 15 of its levels.
You also visited: Sewer.

You collected 845 gold pieces.
You spent 169 gold pieces at shops.

Inventory:

Hand Weapons
 G - the +5 morningstar of Doekh (weapon) {vamp, Str+2}
   (You found it on level 2 of the Lair of Beasts)

   Str+2:     It affects your strength (+2).
Missiles
 o - 14 boomerangs
 x - 3 throwing nets
Armour
 b - a +0 scale mail
 c - a +0 buckler (worn)
 i - a +0 pair of boots (worn)
 j - a +0 pair of gloves (worn)
 p - the +3 leather armour of Tiguurch (worn) {rF+}
   (You found it on level 3 of the Dungeon)

   rF+:       It protects you from fire.
 q - a +0 plate armour
 w - a +0 hat of willpower (worn)
 y - a +2 cloak (worn)
Jewellery
 m - a ring of magical power
 A - a ring of see invisible (right hand)
 B - a +5 ring of evasion (left hand)
Wands
 v - a wand of charming (4)
 C - a wand of flame (13)
 F - a wand of roots (3)
Scrolls
 e - 5 scrolls of enchant weapon
 f - a scroll of enchant armour
 g - 5 scrolls of teleportation
 h - 2 scrolls of brand weapon
 l - 6 scrolls of vulnerability
 n - 2 scrolls of fog
 r - 3 scrolls of immolation
 s - 8 scrolls of identify
 t - 3 scrolls of blinking
 u - a scroll of amnesia
 z - a scroll of revelation
 D - a scroll of noise
 H - a scroll of poison {unknown}


   Skills:
 + Level 11.5 Fighting
 + Level 10.9 Axes
 + Level 6.3 Armour
 + Level 6.6 Shields
 * Level 7.4 Invocations
 + Level 5.5 Evocations


You had 11 spell levels left.
You didn't know any spells.
Your spell library contained the following spells:

 Spells                   Type           Power      Damage    Failure   Level
 Freeze                   Ice            0%         1d3       52%         1
 Kiss of Death            Conj/Necr      0%         2d5       52%         1
 Necrotise                Necr           0%         1d4       52%         1
 Shock                    Conj/Air       0%         1d3       52%         1
 Summon Small Mammal      Summ           0%         N/A       52%         1
 Call Canine Familiar     Summ           0%         N/A       87%         3
 Confusing Touch          Hex            0%         N/A       87%         3
 Frozen Ramparts          Ice            0%         1d1       87%         3
 Gell's Gravitas          Tloc           0%         N/A       87%         3
 Hailstorm                Conj/Ice       0%         3d5       87%         3
 Summon Guardian Golem    Hex/Summ       0%         N/A       87%         3
 Swiftness                Air            0%         N/A       87%         3
 Teleport Other           Tloc           0%         N/A       87%         3
 Vampiric Draining        Necr           0%         2d6       87%         3
 Airstrike                Air            0%         2d(0-16)  99%         4
 Brom's Barrelling Bould  Conj/Erth      0%         2d3       99%         4
 Dispel Undead            Necr           0%         3d6       99%         4
 Agony                    Necr           0%         N/A       100%        5
 Fireball                 Conj/Fire      0%         3d3       100%        5
 Iskenderun's Battlesphe  Conj           0%         2d6       100%        5
 Conjure Ball Lightning   Conj/Air       0%         3x3d6     100%        6
 Dispersal                Tloc           0%         N/A       100%        6
 Orb of Destruction       Conj           0%         9d5       100%        7


Dungeon Overview and Level Annotations

Branches:
Dungeon (12/15)            Temple (1/1) D:5            Lair (2/5) D:8
    Orc (0/2) D:9           Sewer (visited)
  Swamp: Lair:2-3    Shoals: Lair:2-3     Snake: Lair:2-3    Spider: Lair:2-3

Altars:
Ashenzari
Cheibriados
Dithmenos
Fedhas
Gozag
Hepliaklqana
Kikubaaqudgha
Makhleb
Nemelex Xobeh
Okawaru
Qazlal
Ru
Sif Muna
Trog
Uskayaw
Vehumet
Wu Jian
Xom
Yredelemnul

Shops:
D:4 *   D:7 !   D:9 [

Annotations:
D:5 2 transporters, hackum's ghost, novice OpGl
Abyss:1 Gastronok; Urug


Innate Abilities, Weirdness & Mutations

You are immune to poison.
Your flesh is cold resistant. (rC+)
You are immune to negative energy. (rN+++)
You are immune to unholy pain and torment.
You are vulnerable to heat. (rF-)
You are in touch with the powers of death.
You do not drink.
You have a special connection with the divine. (Faith)


Message History

The hell rat bites you but does no damage. x2
The hell rat closely misses you.
You hit the hell rat.
The hell rat is moderately wounded.
The hell rat barely misses you. The hell rat closely misses you.
You hit the hell rat but do no damage. The hell rat completely misses you.
The hell rat closely misses you. The hell rat barely misses you.
The hell rat closely misses you.
You completely miss the hell rat.
The hell rat is moderately wounded.
The hell rat misses you. You block the hell rat's attack. x2
The hell rat closely misses you.
You puncture the hell rat!
You kill the hell rat!
Makhleb accepts your kill.
You feel better. The hell rat misses you. The hell rat bites you!
* * * LOW HITPOINT WARNING * * *
The hell rat bites you!
* * * LOW HITPOINT WARNING * * *
Blink to where?
Press: ? - help, Dir - move target
As you read the scroll of blinking, it crumbles to dust.
Aiming: Mindburst
Press: ? - help, Shift-Dir - straight line, f - hell rat
Aim: a hell rat (chance to affect: 83%)
The hell rat barely resists.
Unknown command.
Aiming: Mindburst
Press: ? - help, Shift-Dir - straight line, f/p - hell rat
Aim: a hell rat (chance to affect: 83%)
The hell rat's mind is blasted!
The now-empty wand crumbles to dust.
Unknown command.
You hit the hell rat.
You kill the hell rat!
Makhleb accepts your kill.
You feel better.
You sock the hell rat!
The hell rat is severely wounded.
The hell rat bites you!
You die...

............(....................
.......................#.........
.........................!.......
.................................
...................).............
................###.......(...###
......#.##.#.#r.######........# #
.......#######.r#.###P........ ##
.......# ###@............###.
......## ##...#........##..
.......### #....#.......P...
.........# #................
##.......# ####...........#.
#.......## #...........###
#........# ####.......#.#
#........## ##.....>.###
#..........### #........#


You could see 2 hell rats.

Vanquished Creatures
  2 two-headed ogres
  A boulder beetle (Lair:2)
  10 death yaks
  A black mamba (Lair:1)
  2 cane toads (Lair:1)
  A gargoyle (D:12)
  A rime drake (Lair:1)
  3 komodo dragons (Lair:2)
  A kobold demonologist (D:12)
  Psyche (D:11)
  2 polar bears
  3 trolls
  Prince Ribbit (D:9)
  A hornet (D:10)
  3 blink frogs
  4 yaks
  A wraith (D:10)
  An unseen horror simulacrum (D:10)
  A vampire (D:9)
  A basilisk (Lair:1)
  An acid dragon (D:10)
  7 water moccasins
  4 black bears
  4 orc warriors
  4 ice beasts
  2 sky beasts
  An ogre (D:9)
  9 wolves
  3 centaurs
  4 bullfrogs
  7 kobold brigands
  8 scorpions
  A wight (D:7)
  3 hornet simulacra (D:8)
  7 killer bees
  3 howler monkeys (D:9)
  3 electric eels
  A hound (D:5)
  Crazy Yiuf (D:7)
  A jelly (D:6)
  2 gnoll boudas
  2 orc priests (D:9)
  Jessica (D:2)
  2 iguanas
  14 orc wizards
  A sleepcap (D:7)
  Natasha (D:3)
  7 hell rats (Lair:2)
  Terence (D:2)
  3 centaur simulacra
  20 gnolls
  6 adders
  2 river rats
  2 shadow imps
  3 white imps
  An ufetubus (D:7)
  A worm (D:3)
  3 dart slugs
  46 orcs
  4 ball pythons
  4 bats
  7 endoplasms
  7 giant cockroaches
  9 goblins
  3 hobgoblins
  A jackal (Sewer)
  3 quokkas
  2 frilled lizards
  38 kobolds
  5 rats
316 creatures vanquished.

Vanquished Creatures (collateral kills)
  A skyshark (Lair:1)
  3 yaks (D:11)
4 creatures vanquished.

Grand Total: 320 creatures vanquished

Notes
Turn   | Place    | Note
-------+----------+-------------------------------------------
     0 | D:1      | Inarius the Mummy Fighter began the quest for the Orb.
     0 | D:1      | Reached XP level 1. HP: 18/18 MP: 1/1
   170 | D:1      | Reached XP level 2. HP: 23/24 MP: 2/2
   246 | D:1      | Found Caycaept's Book Shoppe.
   908 | D:1      | Reached XP level 3. HP: 29/29 MP: 3/3
  1024 | D:2      | Noticed Terence
  1048 | D:2      | Killed Terence
  1097 | D:2      | Noticed Jessica
  1106 | D:2      | Killed Jessica
  1107 | D:2      | Reached XP level 4. HP: 34/37 MP: 4/4
  1375 | D:2      | Found a faded altar of an unknown god.
  1382 | D:2      | Got Plato's Guidebook on the Crypt
  1700 | D:3      | Noticed Natasha
  1705 | D:3      | Killed Natasha
  1706 | D:3      | Reached skill level 4 in Fighting
  1706 | D:3      | Reached XP level 5. HP: 30/42 MP: 5/5
  2000 | D:3      | Identified the +3 leather armour of Tiguurch {rF+}
  2086 | D:3      | Noticed an orc warrior
  2100 | D:3      | Killed an orc warrior
  2101 | D:3      | Reached XP level 6. HP: 38/49 MP: 6/6
  2869 | D:4      | Found a shadowy altar of Dithmenos.
  2933 | D:4      | Found Ixke's General Store.
  2938 | D:4      | Bought a scroll of identify for 26 gold pieces
  3140 | D:4      | Found a shimmering blue altar of Sif Muna.
  3336 | D:4      | Found an opulent altar of Gozag.
  3462 | D:5      | Entered Level 5 of the Dungeon
  3604 | D:5      | Reached XP level 7. HP: 51/55 MP: 7/7
  3608 | D:5      | Reached skill level 5 in Fighting
  3705 | D:5      | Found a staircase to the Ecumenical Temple.
  3714 | Temple   | Entered the Ecumenical Temple
  3731 | Temple   | Became a worshipper of Makhleb the Destroyer
  3961 | D:5      | Found a transporter.
  3977 | D:5      | Found a transporter.
  3978 | D:5      | Noticed hackum's ghost (novice OpGl)
  4188 | D:6      | Reached skill level 5 in Axes
  4236 | D:6      | Reached XP level 8. HP: 61/64 MP: 8/8
  4245 | D:6      | Reached skill level 6 in Fighting
  4262 | D:6      | Found a glowing drain.
  4270 | D:6      | Reached * piety under Makhleb
  4276 | Sewer    | Entered a sewer
  5480 | D:7      | Reached skill level 1 in Invocations
  5563 | D:7      | Reached skill level 7 in Fighting
  5563 | D:7      | Reached skill level 1 in Evocations
  5563 | D:7      | Reached ** piety under Makhleb
  5613 | D:7      | Reached XP level 9. HP: 50/72 MP: 8/10
  5985 | D:7      | Found Xafant's Distillery.
  6017 | D:7      | Found a sacrificial altar of Ru.
  6236 | D:7      | Found a runed translucent door.
  6237 | D:7      | Noticed Crazy Yiuf
  6242 | D:7      | Killed Crazy Yiuf
  6321 | D:8      | Noticed a polar bear
  6338 | D:8      | Killed a polar bear
  6338 | D:8      | Reached *** piety under Makhleb
  6406 | D:8      | Noticed a two-headed ogre
  6420 | D:8      | Killed a two-headed ogre
  6421 | D:8      | Reached skill level 8 in Fighting
  6929 | D:8      | Reached XP level 10. HP: 72/80 MP: 12/12
  6993 | D:8      | Found a staircase to the Lair.
  7375 | D:8      | Noticed a death yak
  7467 | D:9      | Noticed Prince Ribbit
  7491 | D:9      | Killed Prince Ribbit
  7690 | D:9      | Reached **** piety under Makhleb
  7820 | D:9      | Found an ancient bone altar of Kikubaaqudgha.
  7856 | D:9      | Found a staircase to the Orcish Mines.
  8376 | D:9      | Reached ***** piety under Makhleb
  8658 | D:9      | Found Wiacoer's Armour Shop.
  8883 | D:9      | Bought a +0 hat of willpower for 143 gold pieces
  8906 | D:10     | Entered Level 10 of the Dungeon
  8941 | D:10     | Reached skill level 9 in Fighting
  9028 | D:10     | Reached XP level 11. HP: 60/89 MP: 14/14
  9119 | D:10     | Found a bloodstained altar of Trog.
  9132 | D:10     | Found a hide-covered altar of Uskayaw.
  9147 | D:10     | Found a broken altar of Ashenzari.
  9507 | D:10     | Noticed a death yak
  9522 | D:10     | Banished a death yak
  9523 | D:10     | Reached skill level 5 in Armour
  9523 | D:10     | Reached skill level 5 in Shields
  9538 | D:10     | Reached skill level 5 in Invocations
 10251 | D:11     | Noticed Psyche
 10263 | D:11     | Killed Psyche
 10358 | D:11     | Noticed Urug
 10372 | D:11     | Banished Urug
 10643 | D:11     | Noticed a two-headed ogre
 10672 | D:11     | Killed a two-headed ogre
 10696 | D:11     | Identified the +4 dagger of Okawaru's Delight {antimagic,
                  | rElec}
 11189 | Lair:1   | Entered Level 1 of the Lair of Beasts
 11196 | Lair:1   | Reached skill level 5 in Evocations
 11345 | Lair:1   | Reached skill level 10 in Axes
 11423 | Lair:1   | Noticed a skyshark
 11444 | Lair:1   | Killed a skyshark
 11651 | Lair:1   | Noticed a death yak
 11651 | Lair:1   | Noticed a death yak
 11652 | Lair:1   | Noticed a death yak
 11679 | Lair:1   | Banished a death yak
 11680 | Lair:1   | Reached skill level 10 in Fighting
 11680 | Lair:1   | Reached XP level 12. HP: 97/97 MP: 16/16
 12052 | Lair:1   | Noticed a death yak
 12052 | Lair:1   | Noticed a death yak
 12063 | Lair:1   | Noticed a death yak
 12119 | Lair:1   | Banished a death yak
 12438 | Lair:2   | Noticed Gastronok
 12438 | Lair:2   | Noticed a death yak
 12448 | Lair:2   | Noticed a death yak
 12449 | Lair:2   | Noticed a death yak
 12460 | Lair:1   | Banished Gastronok
 12879 | Lair:2   | Identified the +5 morningstar of Doekh {vamp, Str+2}
 13113 | Lair:2   | Noticed a boulder beetle
 13116 | Lair:2   | Found an ornate altar of the Wu Jian Council.
 13129 | Lair:2   | Killed a boulder beetle
 13214 | Lair:2   | Found a hide-covered altar of Uskayaw.
 13627 | Lair:2   | Noticed a death yak
 13637 | Lair:2   | Noticed a death yak
 13639 | Lair:2   | Noticed a death yak
 13653 | Lair:1   | Killed a death yak
 13782 | Lair:1   | Killed a death yak
 13846 | Lair:1   | Killed a death yak
 13988 | Lair:1   | Killed a death yak
 14107 | Lair:1   | Killed a death yak
 14121 | Lair:1   | Killed a death yak
 14122 | Lair:1   | Reached skill level 11 in Fighting
 14363 | Lair:1   | Killed a death yak
 14569 | Lair:1   | Killed a death yak
 14800 | Lair:1   | Killed a death yak
 14817 | Lair:2   | Killed a death yak
 15189 | Lair:2   | Slain by a hell rat

Illustrated notes

Levels and vault maps discovered:
D:1:      ldierk_walled_garden, layout_basic, serial_shops, shop_statue,
          minmay_tetromino_i4
D:2:      layout_rooms, shapermc_ecumenical_altar_rom_forum, uniq_jessica,
          uniq_terence
D:3:      layout_basic, uniq_natasha
D:4:      layout_basic, lemuel_blue_sif_altar, grunt_dithmenos_smoke,
          grunt_gozag_breadcrumbs, serial_shops, nicolae_shop_just_a_little_nook
D:5:      layout_basic, minmay_temple_entry_mist, gammafunk_ghost_smash
D:6:      layout_basic, portal_sewer_entry_a
D:7:      layout_basic, nicolae_ru_great_annihilating_truth, serial_shops,
          nicolae_shop_tiny_glass, minmay_misc_feat_chi, minmay_circle_x,
          uniq_crazy_yiuf_cottage
D:8:      layout_layer_cave, due_lair_maze_entry_diamond, serial_ice,
          serial_ice_f, serial_ice_b, serial_ice_j, serial_ice_d
D:9:      layout_loops_cross, kiku_gazebo_garden_becter, orc_0_dummy,
          special_room [special_room_orc], serial_shops, nicolae_shop_crystal,
          hangedman_corner_corridor, uniq_prince_ribbit1
D:10:     layout_irregular_city, mainiacjoe_overflow_boulevard, minitemple,
          serial_ice, serial_ice_k, serial_ice_a, serial_ice_g, serial_ice_m
D:11:     layout_basic, lemuel_flamethrower_2, uniq_urug, uniq_psyche
D:12:     kennysheep_seaside_town, layout_basic, kennysheep_generic_room_8,
          uniq_snorg
Temple:   compressed_dpeg_triangle_lava_temple
Lair:1:   layout_long_grid
Lair:2:   layout_hall_layers, mainiacjoe_shoals_entry_four_pools,
          nzn_masters_of_martial_movement, uniq_gastronok

Skill      XL: |  1  2  3  4  5  6  7  8  9 10 11 12 |
---------------+-------------------------------------+-----
Axes           | 2 3 4 5 6 8 9 10 | 10.9
Armour         | 3 4 5 6 |  6.3
Fighting       | 4 5 7 8 9 10 11 | 11.5
Shields        | 3 4 5 6 |  6.6
Invocations    | 1 3 4 6 7 |  7.4
Evocations     | 1 2 4 5 |  5.5

Action                     |  1- 3 |  4- 6 |  7- 9 | 10-12 || total
---------------------------+-------+-------+-------+-------++-------
  Melee: War axe           |    91 |       |       |       ||    91
         Hand axe          |     7 |   124 |   317 |   499 ||   947
         Morningstar       |       |       |       |   194 ||   194
 Invoke: Lesser Servant of |       |       |       |     2 ||     2
         Minor Destruction |       |       |       |     1 ||     1
  Evoke: Wand              |       |       |     6 |    19 ||    25
    Use: Scroll            |       |     7 |     2 |     6 ||    15
   Stab: Paralysed         |       |       |     1 |       ||     1
 Armour: Scale mail        |    76 |    37 |       |       ||   113
         Leather armour    |       |    39 |   208 |   480 ||   727
  Dodge: Dodged            |    57 |    39 |   123 |   360 ||   579
  Block: Buckler           |    14 |    29 |    53 |   155 ||   251

Table legend: (Time is in decaauts)
 A = Elapsed time spent in this place.
 B = Non-inter-level travel time spent in this place.
 C = Inter-level travel time spent in this place.
 D = Time resting spent in this place.
 E = Time spent auto-exploring this place.
 F = Levels seen in this place.
 G = Mean time per level.
                   A        B        C        D        E       F      G
               +--------+--------+--------+--------+--------+-----+--------+
         Total |  15323 |  14468 |    855 |   3834 |   7390 |  16 |  957.7 |
       Dungeon |  11020 |  10424 |    596 |   1699 |   6447 |  12 |  918.3 |
        Temple |     33 |      3 |     30 |      0 |      0 |   1 |   33.0 |
          Lair |   4021 |   3793 |    228 |   2135 |    806 |   2 | 2010.5 |
         Sewer |    248 |    248 |      0 |      0 |    136 |   1 |  248.0 |
               +--------+--------+--------+--------+--------+-----+--------+

Top non-repeatable levels by time:
  Lair:1: 2757 daAuts
     D:9: 1371 daAuts
    D:10: 1303 daAuts
  Lair:2: 1263 daAuts
     D:3: 1199 daAuts
     D:7: 1180 daAuts
     D:8: 1109 daAuts
     D:1: 981 daAuts
     D:6: 977 daAuts
    D:11: 883 daAuts
     D:4: 765 daAuts
     D:5: 614 daAuts
     D:2: 586 daAuts
   Sewer: 248 daAuts
    D:12: 48 daAuts
